 Dungeon Crawl Stone Soup version 0.17-a0-1701-gf693a3f (webtiles) character file.

200 urechis the Skirmisher (level 5, -2/38 HPs)
             Began as an Octopode Fighter on Aug 21, 2015.
             Was an Initiate of Dithmenos.
             Slain by an orc (4 damage)
             ... on level 4 of the Dungeon.
             The game lasted 00:04:01 (3563 turns).

urechis the Skirmisher (Octopode Fighter)           Turns: 3563, Time: 00:04:02

Health: -2/38      AC:  1    Str: 15    XL:     5   Next: 78%
Magic:  5/5        EV: 10    Int: 10    God:    Dithmenos [......]
Gold:   112        SH:  8    Dex: 13    Spells: 0 memorised, 4 levels left

rFire  . . .     SeeInvis .     a - +0 long sword
rCold  . . .     Clarity  .     b - +0 shield
rNeg   . . .     SustAt   .     (helmet restricted)
rPois  .         Gourm    .     (no amulet)
rElec  .         Spirit   .     (no ring)
rCorr  .         Warding  .     (no ring)
rMut   .         Stasis   .     (no ring)
MR     .....                    (no ring)
Stlth  ++........               (no ring)
                                (no ring)
                                (no ring)
                                (no ring)

@: not resistant to hostile enchantments, unstealthy
A: almost no armour, amphibious, 8 rings, constrict 8, camouflage 1, gelatinous
body 1
a: Renounce Religion


You were on level 4 of the Dungeon.
You worshipped Dithmenos.
Dithmenos was noncommittal.
You were hungry.

You visited 1 branch of the dungeon, and saw 4 of its levels.

You collected 112 gold pieces.

Inventory:

Hand weapons
 a - a +0 long sword (weapon)
Armour
 b - a +0 shield (worn)
Magical devices
 f - a wand of enslavement (10)
 m - a wand of disintegration (10)
Potions
 c - 2 potions of might
 e - 2 potions of curing {unknown}
 g - a potion of degeneration {unknown}
 h - a potion of brilliance {unknown}
 k - a potion of invisibility {unknown}
Comestibles
 d - 4 bread rations
 i - a slice of pizza
 j - 2 meat rations
 n - 2 chunks of flesh


   Skills:
 + Level 4.8 Fighting
 + Level 4.4 Long Blades
 - Level 3.0 Dodging
 - Level 3.0 Shields


You had 4 spell levels left.
You didn't know any spells.

Dungeon Overview and Level Annotations

Branches:
Dungeon (4/15)
 Temple: D:4-7

Altars:
Ashenzari
Dithmenos
Makhleb
Nemelex Xobeh
Qazlal
Ru
Yredelemnul


Innate Abilities, Weirdness & Mutations

You cannot wear most types of armour.
You are amphibious.
You can wear up to eight rings at the same time.
You can use your tentacles to constrict eight enemies at once.
Your skin changes colour to match your surroundings (Stealth).
Your rubbery body absorbs attacks (AC +1).


Message History

Things that are here:
a falchion; a tomahawk The orc hits you with a mace.
* * * LOW HITPOINT WARNING * * *
The orc hits you.
* * * LOW HITPOINT WARNING * * *
Things that are here:
a falchion; a tomahawk
There are monsters nearby!
You closely miss the orc. You grab the orc. You constrict the orc.
The orc misses you. The orc barely misses you.
You slash the orc!
You kill the orc!
Dithmenos accepts your kill.
You barely miss the orc. Your grab misses the orc. You closely miss the orc.
You grab the orc. You constrict the orc. The orc closely misses you.
The orc hits you with a mace!
* * * LOW HITPOINT WARNING * * *
You release your grip on the orc.
The orc hits you.
You die...

#.............
#.............
#............. ##...
#............ ##..<.
#............ #.....
###..####......
....########.(..# #....
. #..[..##..o....# #..
.. #......@o####.# . ...
#......#####..### ....
##......####.....####
#..#...#.........##.....
#......#.....#### #.....
#.......##..## ##.###.
##..######..######..#
### ###.......#
##......#


You could see 2 orcs.

Vanquished Creatures
  Crazy Yiuf (D:2)
  An orc priest (D:3)
  A worker ant (D:4)
  5 adders
  An ooze (D:2)
  2 worms (D:3)
  2 giant geckos (D:2)
  7 orcs
  6 giant cockroaches
  4 hobgoblins
  2 quokkas
  A ball python (D:4)
  10 bats
  3 giant newts
  6 goblins
  6 kobolds
  7 rats
  A fungus (D:2)
66 creatures vanquished.

Notes
Turn   | Place    | Note
--------------------------------------------------------------
     0 | D:1      | urechis the Octopode Fighter began the quest for the Orb.
     0 | D:1      | Reached XP level 1. HP: 16/16 MP: 1/1
    70 | D:1      | Found a shattered altar of Ashenzari.
   393 | D:1      | Reached XP level 2. HP: 21/21 MP: 2/2
  1152 | D:2      | Reached XP level 3. HP: 23/26 MP: 3/3
  2110 | D:2      | Noticed Crazy Yiuf
  2118 | D:2      | Killed Crazy Yiuf
  2118 | D:2      | Reached skill level 4 in Fighting
  2118 | D:2      | Reached XP level 4. HP: 4/33 MP: 4/4
  2650 | D:3      | Reached XP level 5. HP: 23/37 MP: 5/5
  2957 | D:3      | Found a burning altar of Makhleb.
  2957 | D:3      | Found a sacrificial altar of Ru.
  2957 | D:3      | Found a sparkling altar of Nemelex Xobeh.
  2957 | D:3      | Found a shadowy altar of Dithmenos.
  2964 | D:3      | Found a stormy altar of Qazlal.
  2966 | D:3      | Became a worshipper of Dithmenos the Shadowed
  2969 | D:3      | Found a basalt altar of Yredelemnul.
  3563 | D:4      | Slain by an orc

Vault maps used:
D:1:      elethiomel_arrival_quiet, minmay_misc_feat_enclosed, ashenzari_altar_1
D:2:      uniq_crazy_yiuf_cottage
D:3:      minmay_overflow_temple_hex, first_bread

Action                   |  1- 3 |  4- 6 || total
-------------------------+-------+-------++-------
Melee: Long sword        |    73 |    60 ||   133
  Use: Scroll            |     3 |     1 ||     4
 Stab: Sleeping          |     7 |       ||     7
       Distracted        |     1 |       ||     1
  Eat: Chunk             |     1 |     5 ||     6
       Beef jerky        |     1 |       ||     1
